AoeStats
← matiassboss

Black Forest

509781491Analyzed
4v4 RM · 5d ago on Sep 28, 2026· 74m 31s· 8 players
Game mode
Random Map
Map size
Large (8 player)
Population
200
Speed
Normal
Resources
Standard
Victory
Conquest
Starting age
Dark Age
Ending age
Imperial Age
RankedLock teamsTeams togetherTeam positionsShared explorationLock speedFull tech treeHidden civsTurbo modeCheats
Victory
Defeat
🇨🇦 Bohemians · Canada
910
+9
🇨🇴 Persians · Colombia
814
+13
🇨🇴 Byzantines · Colombia
723
+17
🇨🇴 Ethiopians · Colombia
722
+17
🇧🇷 Goths · Brazil
751
-14
🇧🇷 Persians · Brazil
745
-14
🇨🇱 Poles · Chile
740
-14
🇧🇷 Celts · Brazil
738
-14
Carpeado BR
0:28 Loom
14:00 Feudal Age
20:51 Castle Age
19:27 Wheelbarrow
20:09 Double-Bit Axe
20:09 Horse Collar
21:57 Man-at-Arms
31:20 Bow Saw
33:36 Hand Cart
33:45 Squires
36:54 Fishing Lines
37:39 Heavy Plow
37:50 Gold Mining
37:50 Stone Mining
38:22 Town Watch
41:25 Imperial Age
39:45 Anarchy
40:53 Forging
40:44 Scale Mail Armor
40:35 Fletching
41:25 Stone Shaft Mining
42:38 Chain Mail Armor
43:01 Iron Casting
42:28 Gillnets
43:17 Perfusion
43:41 Conscription
44:12 Elite Huskarl
46:03 Pikeman
48:11 Crop Rotation
50:33 Blast Furnace
53:48 Bodkin Arrow
matiassboss
14:18 Feudal Age
14:51 Fishing Lines
14:57 Double-Bit Axe
14:54 Horse Collar
15:06 Gold Mining
15:08 Stone Mining
17:09 Wheelbarrow
20:16 Castle Age
19:21 Scale Barding Armor
19:30 Forging
21:12 Heavy Plow
21:54 Bow Saw
21:49 Husbandry
21:59 Bloodlines
23:15 Chain Barding Armor
23:43 Wheelbarrow
23:12 Gillnets
23:42 Town Watch
23:42 Loom
24:45 Iron Casting
23:51 Light Cavalry
24:27 Treadmill Crane
27:18 Stone Shaft Mining
28:26 Hand Cart
28:58 Town Patrol
33:12 Imperial Age
35:00 Blast Furnace
35:02 Chemistry
34:07 Winged Hussar
38:32 Crop Rotation
40:01 Lechitic Legacy
39:46 Szlachta Privileges
40:02 Conscription
46:21 Padded Archer Armor
46:11 Fletching
54:43 Ballistics
Ghutz
16:41 Feudal Age
17:41 Fishing Lines
21:45 Man-at-Arms
22:13 Arson
24:35 Double-Bit Axe
24:32 Horse Collar
25:46 Loom
27:30 Wheelbarrow
26:42 Town Watch
27:50 Gold Mining
27:51 Stone Mining
30:33 Castle Age
33:49 Gold Shaft Mining
33:50 Stone Shaft Mining
34:06 Heavy Plow
35:07 Bow Saw
35:02 Caravan
36:10 Hand Cart
45:17 Imperial Age
48:57 Cavalier
49:37 Husbandry
SharkScooper
0:29 Loom
15:22 Feudal Age
15:54 Horse Collar
16:51 Wheelbarrow
16:05 Double-Bit Axe
21:03 Castle Age
19:20 Stone Mining
20:12 Gold Mining
22:09 Hand Cart
21:57 Heavy Plow
22:13 Bow Saw
22:44 Stone Shaft Mining
23:01 Fishing Lines
24:27 Gillnets
25:29 Gold Shaft Mining
25:55 Town Watch
32:07 Imperial Age
30:23 Squires
30:08 Arson
31:14 Fletching
31:35 Forging
31:25 Scale Mail Armor
31:26 Padded Archer Armor
31:32 Scale Barding Armor
32:19 Fervor
32:07 Bodkin Arrow
32:42 Kamandaran
33:11 Conscription
32:23 Sappers
33:17 Thumb Ring
34:51 Crop Rotation
35:25 Two-Man Saw
35:32 Chemistry
34:43 Masonry
34:28 Murder Holes
34:09 Cavalier
34:50 Husbandry
35:26 Bloodlines
34:37 Light Cavalry
35:30 Caravan
36:44 Hoardings
37:40 Leather Archer Armor
38:01 Iron Casting
37:42 Chain Mail Armor
37:48 Chain Barding Armor
36:56 Pikeman
37:07 Crossbowman
39:29 Coinage
39:15 Guilds
39:39 Architecture
39:33 Ballistics
39:39 Ballistics
40:40 Savar
41:34 Citadels
42:34 Blast Furnace
43:30 Ring Archer Armor
43:31 Plate Mail Armor
43:49 Plate Barding Armor
44:13 Elite War Elephant
45:37 Halberdier
47:13 Banking
49:09 Town Patrol
53:11 Devotion
53:27 Block Printing
53:07 Herbal Medicine
53:48 Theocracy
D.V
11:48 Feudal Age
12:12 Double-Bit Axe
12:40 Horse Collar
12:55 Gold Mining
14:25 Horse Collar
17:50 Wheelbarrow
20:33 Castle Age
19:59 Stone Mining
21:26 Bow Saw
21:28 Heavy Plow
22:06 Gold Shaft Mining
22:48 Pikeman
22:53 Light Cavalry
25:42 Caravan
29:34 Coinage
29:31 Hand Cart
33:22 Imperial Age
31:29 Bloodlines
31:19 Husbandry
32:01 Forging
31:53 Scale Mail Armor
31:58 Scale Barding Armor
31:46 Fletching
31:56 Padded Archer Armor
33:59 Conscription
33:43 Kamandaran
34:33 Crop Rotation
35:06 Two-Man Saw
36:58 Chemistry
36:21 Ballistics
36:45 Banking
37:04 Iron Casting
36:47 Chain Mail Armor
35:59 Hussar
37:33 Cavalier
39:27 Blast Furnace
38:47 Chain Barding Armor
38:25 Bodkin Arrow
38:45 Leather Archer Armor
38:50 Guilds
40:25 Plate Mail Armor
40:07 Elite War Elephant
40:38 Halberdier
44:12 Plate Barding Armor
44:07 Ring Archer Armor
46:58 Crossbowman
47:43 Thumb Ring
64:21 Heavy Camel Rider
71:25 Man-at-Arms
72:25 Long Swordsman
palomuno
10:02 Loom
12:55 Feudal Age
18:55 Castle Age
17:35 Double-Bit Axe
17:40 Horse Collar
23:50 Crossbowman
26:14 Elite Skirmisher
35:20 Imperial Age
34:13 Forging
34:19 Fletching
36:02 Caravan
36:06 Bodkin Arrow
37:03 Scale Mail Armor
37:30 Gold Mining
37:59 Bow Saw
38:03 Heavy Plow
39:22 Arbalester
42:17 Chain Mail Armor
42:39 Iron Casting
43:06 Padded Archer Armor
43:34 Halberdier
44:55 Bracer
46:20 Two-Man Saw
48:25 Blast Furnace
49:33 Squires
50:57 Plate Mail Armor
67:27 Theocracy
jd.cuadros185
3:34 Loom
7:15 Loom
13:05 Feudal Age
13:55 Double-Bit Axe
15:51 Man-at-Arms
20:01 Horse Collar
25:21 Castle Age
24:42 Forging
24:39 Gold Mining
24:41 Stone Mining
26:12 Heavy Plow
26:01 Crossbowman
27:17 Bow Saw
32:38 Imperial Age
31:22 Gold Shaft Mining
30:42 Pikeman
30:58 Elite Skirmisher
35:55 Crop Rotation
35:44 Fletching
37:05 Ballistics
36:42 Murder Holes
37:48 Thumb Ring
38:06 Bodkin Arrow
38:17 Scale Barding Armor
40:13 Arbalester
44:33 Elite Cataphract
45:24 Logistica
46:50 Two-Man Saw
48:11 Chemistry
48:04 Heavy Camel Rider
48:45 Husbandry
60:56 Bracer
61:16 Chain Barding Armor
61:33 Iron Casting
60:58 Padded Archer Armor
70:55 Halberdier
Bohuman
1:45 Loom
15:25 Feudal Age
15:57 Double-Bit Axe
20:34 Castle Age
18:28 Horse Collar
22:09 Bow Saw
22:03 Heavy Plow
22:43 Fervor
22:58 Sanctity
23:52 Caravan
27:15 Wheelbarrow
28:48 Chemistry
30:00 Fishing Lines
31:20 Hand Cart
34:31 Imperial Age
31:56 Pikeman
32:37 Squires
33:37 Masonry
33:58 Padded Archer Armor
33:59 Scale Mail Armor
33:49 Arson
36:51 Two-Man Saw
36:21 Conscription
35:28 Halberdier
36:25 Chain Mail Armor
36:26 Leather Archer Armor
36:21 Forging
37:07 Sanctity
38:07 Plate Mail Armor
37:28 Fletching
37:51 Wagenburg Tactics
38:00 Sappers
39:45 Ring Archer Armor
39:52 Siege Engineers
40:17 Architecture
40:08 Ballistics
40:33 Bodkin Arrow
41:14 Iron Casting
40:56 Murder Holes
41:56 Houfnice
43:26 Bracer
44:41 Blast Furnace
43:29 Town Watch
45:26 Block Printing
45:48 Theocracy
45:39 Illumination
46:16 Town Patrol
49:34 Man-at-Arms
50:13 Long Swordsman
51:15 Two-Handed Swordsman
52:38 Champion
54:50 Hussite Reforms
60:01 Crossbowman
65:47 Crossbowman
67:06 Redemption
70:10 Arbalester
Connection lost

Rejoining the realm…

Still unreachable

The connection could not be restored.

Session expired

The server has moved on; the page needs a fresh start.